 Dungeon Crawl Stone Soup version 0.29-a0-414-g5075937ec3 (webtiles) character file.

Game seed: 14384409775118213900

116 dolemite99 the Chiller (level 5, -10/35 HPs)
             Began as a Barachi Ice Elementalist on May 15, 2022.
             Was a Believer of Cheibriados.
             Killed from afar by an orc wizard (13 damage)
             ... with a puff of flame
             ... on level 3 of the Dungeon.
             The game lasted 00:02:41 (3348 turns).

dolemite99 the Chiller (Barachi Ice Elementalist)   Turns: 3348, Time: 00:02:42

Health: -10/35     AC:  2    Str: 14    XL:     5   Next: 1%
Magic:  8/8        EV: 12    Int: 21    God:    Cheibriados [**....]
Gold:   85         SH:  0    Dex: 16    Spells: 4/8 levels left

rFire   . . .      SeeInvis .   f - +0 morningstar
rCold   . . .      Faith    .   (no shield)
rNeg    . . .      Spirit   .   a - +0 robe
rPois   .          Reflect  .   (no helmet)
rElec   .          Harm     .   (no cloak)
rCorr   .          Rampage  .   (no gloves)
Will    .....                   (no boots)
Stlth   ++........              (no amulet)
HPRegen 0.11/turn               (no ring)
MPRegen 0.11/turn               (no ring)

@: very slow
A: amphibious, slowness 1, strong legs 1, +LOS
a: Hop, Renounce Religion, Bend Time


You were on level 3 of the Dungeon.
You worshipped Cheibriados.
Cheibriados was pleased with you.
You visited 1 branch of the dungeon, and saw 3 of its levels.

You collected 85 gold pieces.

Inventory:

Hand Weapons
 f - a +0 morningstar (weapon)
Missiles
 e - 78 stones
 l - 2 poisoned darts
 m - 4 curare-tipped darts
Armour
 a - a +0 robe (worn)
Jewellery
 d - a ring of ice
Scrolls
 c - a scroll of identify {unknown}
 h - a scroll of noise {unknown}
Potions
 b - a potion of magic
 g - a potion of curing {unknown}
 i - a potion of attraction {unknown}
 j - a potion of brilliance {unknown}
 k - a potion of degeneration {unknown}


   Skills:
 - Level 2.1 Dodging
 - Level 1.7 Stealth
 - Level 2.1 Spellcasting
 + Level 7.4 Ice Magic


You had 4 spell levels left.
You knew the following spells:

 Your Spells              Type           Power      Damage    Failure   Level
a - Freeze                Ice            100%       1d11      1%          1
b - Frozen Ramparts       Ice            66%        1d8       1%          3

Your spell library contained the following spells:

 Spells                   Type           Power      Damage    Failure   Level
 Ozocubu's Armour         Ice            33%        N/A       1%          3
 Sting                    Tmut/Pois      8%         1d3       14%         1
 Hailstorm                Conj/Ice       17%        3d6       30%         4


Dungeon Overview and Level Annotations

Branches:
Dungeon (2/15)

Altars:
Cheibriados


Innate Abilities, Weirdness & Mutations

You are amphibious.
You cover ground slowly.
You can hop short distances.
You have an extended range of vision and can be seen from far away.


Message History

You are confused.
The orc shoots a sling bullet.
The sling bullet closely misses you.
The orc shouts!
The orc shoots a sling bullet.
The sling bullet barely misses you.
The orc shoots a sling bullet.
The sling bullet hits you but does no damage.
You bump into the rock wall.
Something tries to affect you, but you resist.
You feel less confused.
The orc shoots a sling bullet.
The sling bullet closely misses you.
You are confused.
The orc shoots a sling bullet.
The sling bullet hits you.
The orc shoots a sling bullet.
The sling bullet closely misses you.
The orc shoots a sling bullet.
The sling bullet barely misses you. Something hits you but does no damage.
Something hits you.
The orc throws a boomerang.
The orc unwields a +0 hunting sling.
The orc wields a +2 flail of protection.
The orc hits you but does no damage. Something hits you.
The orc hits you with a +2 flail of protection.
You feel less confused.
The orc unwields a +2 flail of protection.
The orc wields a +0 hunting sling.
The orc shoots a sling bullet.
The sling bullet hits you!
* * * LOW HITPOINT WARNING * * *
Something hits you but does no damage.
The orc shoots a sling bullet.
Why would you want to do that? Why would you want to do that?
Something hits you.
* * * LOW HITPOINT WARNING * * *
The orc shoots a sling bullet.
The sling bullet hits you.
* * * LOW HITPOINT WARNING * * *
The orc throws a boomerang.
The boomerang barely misses you. Something barely misses you.
The orc shoots a sling bullet.
The sling bullet closely misses you.
The orc throws a boomerang.
The boomerang barely misses you.
You hear some strange, mumbled words.
A puff of flame appears from out of thin air!
The puff of flame hits you!
You die...

....####.#....##.#
.....{......#.##.#
...§..§#.#≈...##.#
..§§§ #.#§≈≈....#
...≈ #.#≈≈≈≈o..##
..≈§ #.#≈≈≈≈≈.o.#
..≈≈ #.#≈≈≈§≈.{.#
§≈≈#####.#####≈§..#
.≈≈#.........#§§@.#
.§###.#####.##≈≈..#
§§#...#≈≈≈#.##≈§..#
.≈##..#§≈≈##.##≈..##
..#.#.#≈≈§≈##.#....#
...####≈≈§§§##...#.#
...#§≈§≈§§≈≈≈#...#.#
.#..≈§≈≈§§≈§≈..#.#.#
.##...≈≈≈≈≈§..#..#.#


You could see 2 orcs.

Vanquished Creatures
  Natasha (D:3)
  5 adders
  A worm (D:2)
  2 dart slugs (D:1)
  5 orcs (D:3)
  6 bats
  3 endoplasms (D:1)
  A giant cockroach (D:1)
  A goblin (D:2)
  A hobgoblin (D:1)
  A quokka (D:1)
  2 ball pythons (D:1)
  3 frilled lizards
  2 kobolds
  A rat (D:1)
35 creatures vanquished.

Vanquished Creatures (others)
  5 plants (D:1)
5 creatures vanquished.

Grand Total: 40 creatures vanquished

Notes
Turn   | Place    | Note
-------+----------+-------------------------------------------
     0 | D:1      | dolemite99 the Barachi Ice Elementalist began the quest for
                  | the Orb.
     0 | D:1      | Reached XP level 1. HP: 13/13 MP: 3/3
    33 | D:1      | Reached skill level 5 in Ice Magic
   325 | D:1      | Reached XP level 2. HP: 19/19 MP: 0/5
   609 | D:1      | Found a faded altar of an unknown god.
   623 | D:1      | Got Plato's Papyrus of Contamination
   624 | D:1      | Prayed at the altar of an unknown god.
   624 | D:1      | Became a worshipper of Cheibriados the Contemplative
   624 | D:1      | Reached * piety under Cheibriados
  1665 | D:2      | Reached skill level 6 in Ice Magic
  1665 | D:2      | Reached XP level 3. HP: 24/24 MP: 3/6
  2637 | D:2      | Reached XP level 4. HP: 30/30 MP: 5/7
  2763 | D:2      | You fall into a shaft and drop 1 floor!
  2780 | D:3      | Reached ** piety under Cheibriados
  2785 | D:3      | Learned a level 3 spell: Frozen Ramparts
  2884 | D:3      | Noticed Natasha
  2892 | D:3      | Killed Natasha
  2893 | D:3      | Reached skill level 7 in Ice Magic
  2999 | D:3      | Reached XP level 5. HP: 25/35 MP: 0/8
  3348 | D:3      | Killed from afar by an orc wizard

Illustrated notes

Levels and vault maps discovered:
D:1:      psy_arrival_conway, layout_basic, shapermc_ecumenical_altar_rom_forum,
          serial_glass, glass_columns_c, glass_columns_a
D:2:      cheibrodos_helix_gallery, layout_basic
D:3:      layout_loops_cross, grunt_decor_clamped, grunt_decor_junction,
          uniq_natasha, uniq_jessica

Skill      XL: |  1  2  3  4 |
---------------+-------------+-----
Ice Magic      | 5 6 7 |  7.4
Dodging        | |  2.1
Stealth        | |  1.7
Spellcasting   | |  2.1

Action                   |  1- 3 |  4- 6 || total
-------------------------+-------+-------++-------
Melee: Morningstar       |     4 |     6 ||    10
       Punch             |       |     1 ||     1
 Cast: Freeze            |    38 |    20 ||    58
Armor: Robe              |     5 |    11 ||    16
Dodge: Dodged            |    38 |    28 ||    66

Table legend: (Time is in decaauts)
 A = Elapsed time spent in this place.
 B = Non-inter-level travel time spent in this place.
 C = Inter-level travel time spent in this place.
 D = Time resting spent in this place.
 E = Time spent auto-exploring this place.
 F = Levels seen in this place.
 G = Mean time per level.
                   A        B        C        D        E       F      G
               +--------+--------+--------+--------+--------+-----+--------+
         Total |   3842 |   3765 |     77 |   2382 |    957 |   3 | 1280.7 |
       Dungeon |   3842 |   3765 |     77 |   2382 |    957 |   3 | 1280.7 |
               +--------+--------+--------+--------+--------+-----+--------+

Top non-repeatable levels by time:
     D:1: 2351 daAuts
     D:2: 795 daAuts
     D:3: 695 daAuts
